General information
- name: BNet
- type: Ladder team game (AT/RT)
- host: Battle.net
- saver: YouGonnaDie
map: GoldRush
- players: 8
- length: 46:39
- speed: Fast
- version: 1.26 W3XP
- replay type: Public
» download(296 KB)
Players
team 1 (winner)
SupaFly714 (
yellow | 39 APM | 1798 actions | 46:39)
4 Far Seer
2 Feral Spirit
2 Chain Lighting
3 Shadow Hunter
2 Healing Wave
1 Hex
» actions
| Assign group hotkey | 54 | |
| Basic commands | 261 | |
| Build / train | 117 | |
| Enter build submenu | 30 | |
| Enter hero's abilities submenu | 7 | |
| Remove unit from queue | 1 | |
| Right click | 273 | |
| Select / deselect | 409 | |
| Select group hotkey | 559 | |
| Use ability | 86 | |
1798 total
» units
| Peon | 35 | |
| Grunt | 6 | |
| Troll Headhunter/Berserker | 11 | |
| Forest Troll Berserker | 3 | |
| Shaman | 4 | |
| Spirit Walker | 1 | |
| Tauren | 1 | |
| Wind Rider | 3 | |
64 total
» upgrades
| Troll Regeneration | 1 | |
| Ranged Weapons | 2 | |
| Shaman Training | 2 | |
| Reinforced Defenses | 1 | |
| Berserker Upgrade | 1 | |
| Armor | 1 | |
8 total
» buildings
| War Mill | 2 | |
| Altar of Storms | 3 | |
| Orc Burrow | 8 | |
| Barracks | 1 | |
| Watch Tower | 5 | |
| Great Hall | 2 | |
| Stronghold | 2 | |
| Fortress | 1 | |
| Spirit Lodge | 3 | |
| Tauren Totem | 1 | |
| Voodoo Lounge | 2 | |
| Beastiary | 2 | |
32 total
» build order
00:08 War Mill
00:59 Altar of Storms
01:45 Orc Burrow
02:23 Barracks
02:47 Orc Burrow
04:29 Watch Tower
04:51 Great Hall
05:44 Stronghold
05:44 Stronghold
06:01 Watch Tower
08:08 Fortress
08:12 Spirit Lodge
09:01 Spirit Lodge
09:13 Orc Burrow
09:33 War Mill
10:10 Orc Burrow
10:40 Orc Burrow
12:32 Orc Burrow
12:37 Orc Burrow
12:48 Watch Tower
12:54 Watch Tower
13:41 Tauren Totem
13:51 Voodoo Lounge
18:13 Great Hall
18:17 Watch Tower
21:48 Altar of Storms
22:13 Beastiary
22:17 Beastiary
22:29 Spirit Lodge
23:12 Altar of Storms
23:40 Voodoo Lounge
25:18 Orc Burrow
» items
| Lesser Clarity Potion | 5 | |
| Scroll of Regeneration | 9 | |
| Scroll of Town Portal | 4 | |
| Orb of Fire | 5 | |
| Orb of Lightning | 2 | |
25 total
AGroanOfTedium (
orange | 58 APM | 2691 actions | 46:39)
9 Blood Mage
3 Flame Strike
3 Siphon Mana
1 Summon Phoenix
2 Banish
» actions
| Assign group hotkey | 94 | |
| Basic commands | 169 | |
| Build / train | 141 | |
| Enter build submenu | 62 | |
| Enter hero's abilities submenu | 9 | |
| Give item / drop item | 2 | |
| Remove unit from queue | 2 | |
| Right click | 1160 | |
| Select / deselect | 567 | |
| Select group hotkey | 294 | |
| Use ability | 191 | |
2691 total
» units
| Peasant | 20 | |
| Footman | 8 | |
| Sorceress | 5 | |
| Mortar Team | 6 | |
| Flying Machine | 15 | |
54 total
» upgrades
| Lumber Harvesting | 2 | |
| Masonry | 3 | |
| Sorceress Training | 1 | |
| Magic Sentry | 1 | |
| Swords | 1 | |
| Armor | 3 | |
| Gunpowder | 3 | |
| Fragmentation Shards | 1 | |
| Flare | 1 | |
| Flak Cannons | 1 | |
| Plating | 3 | |
| Flying Machine Bombs | 1 | |
21 total
» buildings
| Altar of Kings | 1 | |
| Barracks | 1 | |
| Farm | 8 | |
| Keep | 1 | |
| Town Hall | 5 | |
| Arcane Vault | 1 | |
| Arcane Sanctum | 1 | |
| Lumber Mill | 5 | |
| Blacksmith | 1 | |
| Scout Tower | 35 | |
| Arcane Tower | 1 | |
| Castle | 2 | |
| Workshop | 7 | |
| Guard Tower | 8 | |
77 total
» build order
00:36 Altar of Kings
00:38 Barracks
00:51 Farm
01:16 Farm
01:17 Farm
02:39 Farm
03:38 Keep
03:55 Town Hall
05:00 Arcane Vault
06:32 Arcane Sanctum
06:35 Lumber Mill
06:42 Lumber Mill
06:44 Blacksmith
06:58 Scout Tower
07:01 Scout Tower
07:49 Arcane Tower
10:11 Town Hall
10:39 Castle
10:39 Castle
13:05 Workshop
13:05 Workshop
13:05 Workshop
13:11 Farm
13:12 Farm
13:12 Farm
15:22 Lumber Mill
18:30 Scout Tower
18:31 Scout Tower
18:31 Scout Tower
18:31 Scout Tower
18:31 Scout Tower
18:39 Scout Tower
18:40 Scout Tower
18:40 Scout Tower
18:41 Scout Tower
18:41 Scout Tower
18:42 Scout Tower
18:42 Scout Tower
18:43 Scout Tower
18:44 Scout Tower
18:46 Scout Tower
18:47 Scout Tower
19:21 Guard Tower
19:53 Guard Tower
20:21 Guard Tower
20:23 Guard Tower
20:54 Scout Tower
20:55 Scout Tower
20:55 Scout Tower
20:55 Scout Tower
20:55 Scout Tower
20:57 Scout Tower
20:57 Scout Tower
20:57 Scout Tower
20:58 Scout Tower
21:02 Scout Tower
21:02 Scout Tower
21:02 Scout Tower
21:03 Scout Tower
21:03 Scout Tower
21:04 Scout Tower
21:34 Guard Tower
21:37 Guard Tower
21:47 Guard Tower
23:08 Lumber Mill
23:49 Guard Tower
26:36 Town Hall
28:05 Lumber Mill
28:24 Workshop
28:26 Workshop
28:31 Workshop
28:32 Workshop
29:15 Town Hall
33:07 Town Hall
» items
| Boots of Speed | 1 | |
| Staff of Teleportation | 1 | |
| Healing Salve | 2 | |
| Lesser Clarity Potion | 5 | |
| Scroll of Town Portal | 7 | |
| Potion of Mana | 8 | |
| Potion of Healing | 10 | |
| Scroll of Regeneration | 6 | |
| Potion of Invisibility | 1 | |
41 total
YouGonnaDie (
purple | 72 APM | 3360 actions | 46:39)
10 Blood Mage
3 Flame Strike
3 Siphon Mana
3 Banish
1 Summon Phoenix
» actions
| Assign group hotkey | 42 | |
| Basic commands | 239 | |
| Build / train | 193 | |
| ESC pressed | 4 | |
| Enter build submenu | 65 | |
| Enter hero's abilities submenu | 10 | |
| Give item / drop item | 2 | |
| Right click | 1424 | |
| Select / deselect | 555 | |
| Select group hotkey | 613 | |
| Use ability | 213 | |
3360 total
» units
| Peasant | 19 | |
| Footman | 9 | |
| Dragonhawk Rider | 15 | |
| Sorceress | 5 | |
| Gryphon Rider | 9 | |
57 total
» upgrades
| Defend | 1 | |
| Masonry | 3 | |
| Swords | 3 | |
| Armor | 3 | |
| Lumber Harvesting | 2 | |
| Animal War Training | 1 | |
| Sorceress Training | 2 | |
| Magic Sentry | 1 | |
| Storm Hammers | 1 | |
| Cloud | 1 | |
| Plating | 3 | |
| Gunpowder | 2 | |
| Priest Training | 2 | |
| Control Magic | 1 | |
| Backpack | 1 | |
27 total
» buildings
| Altar of Kings | 2 | |
| Barracks | 3 | |
| Farm | 12 | |
| Scout Tower | 30 | |
| Arcane Tower | 4 | |
| Arcane Vault | 4 | |
| Lumber Mill | 1 | |
| Town Hall | 3 | |
| Guard Tower | 36 | |
| Blacksmith | 1 | |
| Keep | 1 | |
| Castle | 3 | |
| Gryphon Aviary | 2 | |
| Arcane Sanctum | 1 | |
| Workshop | 2 | |
105 total
» build order
00:03 Altar of Kings
00:05 Altar of Kings
00:11 Barracks
00:21 Farm
01:14 Farm
01:46 Scout Tower
02:12 Arcane Tower
02:12 Arcane Tower
02:27 Farm
02:45 Arcane Vault
02:52 Lumber Mill
03:42 Town Hall
04:37 Scout Tower
04:38 Scout Tower
04:41 Scout Tower
04:44 Scout Tower
05:09 Farm
05:25 Farm
05:39 Guard Tower
05:50 Scout Tower
05:53 Scout Tower
06:23 Blacksmith
06:28 Guard Tower
06:28 Guard Tower
07:01 Keep
07:46 Scout Tower
07:51 Farm
08:13 Guard Tower
08:53 Scout Tower
08:55 Scout Tower
09:02 Farm
09:05 Farm
09:21 Castle
09:22 Castle
09:25 Guard Tower
09:25 Guard Tower
11:01 Gryphon Aviary
11:02 Gryphon Aviary
12:48 Arcane Sanctum
15:20 Scout Tower
16:57 Guard Tower
17:53 Arcane Vault
18:09 Arcane Vault
19:11 Scout Tower
19:13 Scout Tower
19:14 Scout Tower
19:15 Scout Tower
19:16 Scout Tower
19:38 Town Hall
19:50 Guard Tower
19:50 Guard Tower
20:15 Guard Tower
20:23 Guard Tower
21:33 Scout Tower
21:34 Scout Tower
21:35 Scout Tower
21:36 Scout Tower
21:38 Scout Tower
21:42 Scout Tower
22:13 Guard Tower
22:35 Guard Tower
22:38 Guard Tower
22:38 Guard Tower
22:40 Guard Tower
22:40 Guard Tower
24:22 Scout Tower
24:23 Scout Tower
24:25 Scout Tower
24:57 Guard Tower
24:58 Guard Tower
28:20 Guard Tower
28:22 Arcane Tower
29:43 Barracks
29:47 Barracks
31:11 Arcane Vault
35:56 Farm
35:58 Farm
36:50 Workshop
36:51 Workshop
40:28 Town Hall
40:58 Farm
41:04 Scout Tower
41:05 Scout Tower
41:06 Scout Tower
41:10 Scout Tower
41:11 Scout Tower
41:12 Farm
41:38 Guard Tower
41:38 Guard Tower
42:10 Guard Tower
42:10 Guard Tower
42:14 Guard Tower
42:15 Guard Tower
» items
| Scroll of Regeneration | 13 | |
| Lesser Clarity Potion | 10 | |
| Potion of Healing | 7 | |
| Scroll of Town Portal | 6 | |
| Boots of Speed | 1 | |
| Staff of Teleportation | 1 | |
| Potion of Invisibility | 3 | |
| Potion of Lesser Invulnerability | 4 | |
| Potion of Mana | 3 | |
| Scroll of Speed | 1 | |
| Healing Salve | 1 | |
50 total

»
YANIMAN (
teal | 44 APM | 917 actions | 21:02)
4 Far Seer
2 Feral Spirit
2 Chain Lighting
3 Tauren Chieftain
2 War Stomp
1 Endurance Aura
» actions
| Assign group hotkey | 16 | |
| Basic commands | 9 | |
| Build / train | 50 | |
| Enter build submenu | 18 | |
| Enter hero's abilities submenu | 7 | |
| Give item / drop item | 1 | |
| Right click | 565 | |
| Select / deselect | 190 | |
| Select group hotkey | 1 | |
| Use ability | 60 | |
917 total
» units
| Peon | 14 | |
| Grunt | 6 | |
| Troll Witch Doctor | 2 | |
| Tauren | 2 | |
| Spirit Walker | 1 | |
25 total
» upgrades
| Melee Weapons | 1 | |
| Armor | 1 | |
| Berserker Strength | 1 | |
| Witch Doctor Training | 2 | |
| Spirit Walker Training | 2 | |
7 total
» buildings
| Orc Burrow | 6 | |
| Altar of Storms | 1 | |
| Barracks | 1 | |
| Voodoo Lounge | 1 | |
| War Mill | 1 | |
| Stronghold | 1 | |
| Spirit Lodge | 2 | |
| Fortress | 1 | |
| Tauren Totem | 2 | |
| Great Hall | 2 | |
| Watch Tower | 1 | |
19 total
» build order
00:14 Orc Burrow
00:35 Altar of Storms
01:05 Barracks
01:30 Orc Burrow
02:29 Voodoo Lounge
02:51 War Mill
03:57 Orc Burrow
04:38 Stronghold
06:01 Orc Burrow
07:53 Spirit Lodge
07:57 Spirit Lodge
07:59 Fortress
08:52 Orc Burrow
10:30 Tauren Totem
12:09 Tauren Totem
13:17 Great Hall
13:21 Watch Tower
14:23 Orc Burrow
15:52 Great Hall
» items
| Lesser Clarity Potion | 2 | |
| Healing Salve | 1 | |
| Orb of Lightning | 1 | |
| Scroll of Town Portal | 2 | |
6 total
team 2 (loser)
maxinvasion (
green | 49 APM | 1834 actions | 37:46)
8 Keeper of the Grove
3 Entangling Roots
3 Thorns Aura
1 Tranquility
1 Force of Nature
1 Dreadlord
1 Sleep
» actions
| Basic commands | 39 | |
| Build / train | 123 | |
| Enter build submenu | 18 | |
| Enter hero's abilities submenu | 9 | |
| Right click | 818 | |
| Select / deselect | 734 | |
| Use ability | 93 | |
1834 total
» units
| Wisp | 19 | |
| Archer | 42 | |
| Druid of the Talon | 14 | |
| Hippogryph | 16 | |
91 total
» upgrades
| Strength of the Moon | 3 | |
| Moon Armor | 3 | |
| Ultravision | 1 | |
| Improved Bows | 1 | |
| Druid of the Talon Training | 2 | |
| Marksmanship | 1 | |
| Vorpal Blades | 1 | |
| Nature's Blessing | 1 | |
| Hippogryph Taming | 1 | |
| Well Spring | 1 | |
| Strength of the Wild | 1 | |
| Reinforced Hides | 1 | |
17 total
» buildings
| Moon Well | 9 | |
| Altar of Elders | 1 | |
| Ancient of War | 2 | |
| Tree of Ages | 1 | |
| Hunter's Hall | 1 | |
| Ancient of Wind | 2 | |
| Tree of Eternity | 1 | |
| Tree of Life | 1 | |
| Altar of Darkness | 1 | |
19 total
» build order
00:20 Moon Well
00:33 Altar of Elders
00:47 Ancient of War
01:14 Moon Well
02:20 Moon Well
03:42 Tree of Ages
04:11 Hunter's Hall
05:15 Moon Well
06:02 Moon Well
07:52 Ancient of Wind
08:25 Moon Well
08:28 Moon Well
11:45 Tree of Eternity
12:19 Moon Well
13:37 Ancient of War
25:15 Ancient of Wind
26:42 Tree of Life
32:34 Altar of Darkness
34:45 Moon Well
» items
| Scroll of Town Portal | 2 | |
| Periapt of Vitality | 1 | |
3 total

»
13itchImTheSh-t (
red | 45 APM | 1147 actions | 25:32)
5 Death Knight
3 Death Coil
2 Unholy Aura
» actions
| Basic commands | 4 | |
| Build / train | 82 | |
| Enter build submenu | 25 | |
| Enter hero's abilities submenu | 5 | |
| Remove unit from queue | 3 | |
| Right click | 720 | |
| Select / deselect | 250 | |
| Use ability | 58 | |
1147 total
» units
| Acolyte | 37 | |
| Ghoul | 6 | |
| Crypt Fiend | 4 | |
| Frost Wyrm | 10 | |
57 total
» upgrades
| Creature Attack | 3 | |
| Creature Carapace | 4 | |
| Freezing Breath | 1 | |
| Web | 1 | |
9 total
» buildings
| Graveyard | 1 | |
| Crypt | 1 | |
| Ziggurat | 13 | |
| Altar of Darkness | 1 | |
| Tomb of Relics | 1 | |
| Halls of the Dead | 1 | |
| Black Citadel | 1 | |
| Sacrificial Pit | 1 | |
| Boneyard | 3 | |
| Necropolis | 2 | |
| Spirit Tower | 2 | |
27 total
» build order
00:30 Graveyard
00:34 Crypt
00:45 Ziggurat
01:03 Ziggurat
01:16 Altar of Darkness
01:30 Tomb of Relics
03:06 Halls of the Dead
04:22 Ziggurat
04:52 Ziggurat
05:54 Black Citadel
05:59 Sacrificial Pit
08:23 Boneyard
08:28 Boneyard
09:18 Boneyard
10:26 Ziggurat
10:29 Ziggurat
10:36 Ziggurat
11:14 Necropolis
11:23 Ziggurat
11:30 Ziggurat
13:19 Spirit Tower
13:27 Necropolis
13:37 Ziggurat
14:45 Spirit Tower
15:26 Ziggurat
15:30 Ziggurat
15:32 Ziggurat
» items
| Rod of Necromancy | 1 | |
| Potion of Healing | 1 | |
| Scroll of Town Portal | 1 | |
3 total
NBA-IS-A-JOKE (
pink | 66 APM | 3085 actions | 46:39)
7 Mountain King
3 Storm Bolt
3 Bash
1 Avatar
5 Paladin
3 Holy Light
2 Divine Shield
1 Death Knight
1 Unholy Aura
» actions
| Assign group hotkey | 58 | |
| Basic commands | 34 | |
| Build / train | 116 | |
| Enter build submenu | 34 | |
| Enter hero's abilities submenu | 14 | |
| Give item / drop item | 6 | |
| Remove unit from queue | 3 | |
| Right click | 1337 | |
| Select / deselect | 286 | |
| Select group hotkey | 1066 | |
| Use ability | 131 | |
3085 total
» units
| Peasant | 18 | |
| Footman | 5 | |
| Gryphon Rider | 7 | |
| Mortar Team | 3 | |
| Glaive Thrower | 4 | |
37 total
» upgrades
| Masonry | 2 | |
| Lumber Harvesting | 2 | |
| Swords | 3 | |
| Animal War Training | 1 | |
| Storm Hammers | 1 | |
| Armor | 3 | |
| Gunpowder | 3 | |
| Fragmentation Shards | 1 | |
| Plating | 1 | |
| Flare | 1 | |
| Flying Machine Bombs | 1 | |
| Flak Cannons | 1 | |
20 total
» buildings
| Altar of Kings | 1 | |
| Barracks | 1 | |
| Farm | 10 | |
| Scout Tower | 20 | |
| Arcane Tower | 2 | |
| Lumber Mill | 1 | |
| Town Hall | 6 | |
| Arcane Vault | 3 | |
| Guard Tower | 11 | |
| Keep | 1 | |
| Castle | 3 | |
| Gryphon Aviary | 3 | |
| Blacksmith | 1 | |
| Nerubian Tower | 1 | |
| Workshop | 4 | |
68 total
» build order
00:08 Altar of Kings
00:21 Barracks
00:37 Farm
00:51 Farm
01:29 Scout Tower
02:18 Farm
02:21 Arcane Tower
02:46 Lumber Mill
03:37 Farm
04:00 Town Hall
04:02 Scout Tower
04:04 Scout Tower
04:29 Arcane Vault
04:43 Guard Tower
04:46 Arcane Tower
05:49 Keep
06:05 Arcane Vault
06:13 Scout Tower
06:13 Scout Tower
06:15 Scout Tower
06:15 Scout Tower
06:33 Arcane Vault
06:43 Guard Tower
07:11 Guard Tower
07:23 Scout Tower
07:23 Scout Tower
08:00 Guard Tower
08:35 Castle
08:36 Castle
09:00 Gryphon Aviary
09:16 Gryphon Aviary
09:21 Farm
09:21 Farm
09:21 Farm
09:22 Farm
10:31 Blacksmith
10:34 Scout Tower
10:34 Scout Tower
11:17 Guard Tower
11:18 Guard Tower
12:13 Gryphon Aviary
12:17 Farm
12:17 Farm
13:57 Town Hall
13:58 Scout Tower
13:58 Scout Tower
13:59 Scout Tower
15:00 Scout Tower
15:00 Scout Tower
15:02 Guard Tower
15:59 Guard Tower
18:54 Town Hall
18:55 Scout Tower
18:55 Scout Tower
18:55 Scout Tower
18:56 Scout Tower
20:17 Guard Tower
26:34 Town Hall
36:25 Nerubian Tower
38:57 Town Hall
39:05 Town Hall
39:56 Workshop
39:56 Workshop
39:58 Workshop
39:58 Workshop
» items
| Scroll of Regeneration | 4 | |
| Lesser Clarity Potion | 2 | |
| Potion of Mana | 2 | |
| Orb of Fire | 2 | |
| Staff of Sanctuary | 2 | |
| Scroll of Town Portal | 2 | |
| Staff of Teleportation | 1 | |
| Scroll of Healing | 1 | |
16 total
CrashandSpyro (
blue | 66 APM | 1728 actions | 26:03)
4 Dreadlord
1 Vampiric Aura
2 Sleep
1 Carrion Swarm
2 Death Knight
1 Death Coil
1 Unholy Aura
» actions
| Basic commands | 12 | |
| Build / train | 74 | |
| Enter build submenu | 30 | |
| Enter hero's abilities submenu | 7 | |
| Remove unit from queue | 1 | |
| Right click | 1136 | |
| Select / deselect | 405 | |
| Use ability | 63 | |
1728 total
» units
| Acolyte | 25 | |
| Ghoul | 20 | |
| Abomination | 2 | |
| Meatwagon | 4 | |
51 total
» upgrades
| Cannibalize | 1 | |
| Unholy Strength | 2 | |
| Unholy Armor | 2 | |
| Disease Cloud | 1 | |
| Ghoul Frenzy | 1 | |
7 total
» buildings
| Tomb of Relics | 2 | |
| Graveyard | 2 | |
| Crypt | 2 | |
| Altar of Darkness | 1 | |
| Ziggurat | 11 | |
| Halls of the Dead | 3 | |
| Slaughterhouse | 2 | |
| Black Citadel | 1 | |
| Spirit Tower | 1 | |
| Necropolis | 1 | |
26 total
» build order
00:04 Tomb of Relics
00:07 Graveyard
00:10 Crypt
00:12 Altar of Darkness
00:16 Ziggurat
01:03 Ziggurat
01:36 Graveyard
03:00 Tomb of Relics
05:51 Halls of the Dead
06:06 Halls of the Dead
06:09 Ziggurat
06:36 Ziggurat
06:38 Ziggurat
06:42 Ziggurat
08:36 Slaughterhouse
08:39 Slaughterhouse
10:11 Black Citadel
13:46 Spirit Tower
14:37 Ziggurat
14:41 Ziggurat
18:36 Ziggurat
21:24 Necropolis
23:54 Halls of the Dead
23:56 Ziggurat
23:57 Ziggurat
25:11 Halls of the Dead
25:15 Crypt
» items
| Scroll of Town Portal | 1 | |
| Orb of Corruption | 1 | |
2 total
Chat log
(00:12 / Allies) AGroanOfTedium: gold
(00:13 / Allies) SupaFly714: im gonna tower
(00:13 / Allies) AGroanOfTedium: wood
(00:14 / Allies) AGroanOfTedium: please
(00:21 / Allies) AGroanOfTedium: I'm gonna mass farms I need the gold and wood
(00:29 / Allies) SupaFly714: im gonna tower feeed me
(00:40 / Allies) YouGonnaDie: orange said he is towering, we don't need two tower rushers
(00:54 / Allies) SupaFly714: he did???
(01:12 / Allies) AGroanOfTedium: I prob shouldn't warn
(02:17 / Allies) AGroanOfTedium: it ain't gonna work
(02:59 / Allies) SupaFly714: he hacks
(03:03 / Allies) YouGonnaDie: lol
(03:05 / All) AGroanOfTedium: you hack pink?
(03:10 / All) NBA-IS-A-JOKE: yes leave
(03:16 / Allies) SupaFly714: lol
(03:27 / Allies) YouGonnaDie: 100 wood please
(03:39 / Allies) YouGonnaDie: ty
(05:12 / Allies) AGroanOfTedium: pink looks like a regtard
(05:17 / Allies) YouGonnaDie: tp
(05:45 / Allies) YouGonnaDie: tp idiots
(06:00 / Allies) YouGonnaDie: counter?
(06:23 / Allies) SupaFly714: repair ur shop ppurple
(06:36 / Allies) SupaFly714: its burning down
(06:40 / Allies) YouGonnaDie: lol
(07:52 / Allies) SupaFly714: repiar ur shop uprllell
(07:54 / Allies) SupaFly714: its burring
(07:55 / Allies) YouGonnaDie: stfu
(08:19 / Allies) SupaFly714: ur shop purple
(08:24 / Allies) YouGonnaDie: kill yourself
(09:41 / Allies) YouGonnaDie: dotts
(09:55 / Allies) SupaFly714: shamans coming sooon
(09:58 / Allies) SupaFly714: get out of there puprl
(10:11 / All) YouGonnaDie: you can't even surround with sleep lol
(10:24 / All) CrashandSpyro: dont have the units
(11:10 / Allies) SupaFly714: wood pls
(11:12 / Allies) YouGonnaDie: stfu
(11:32 / Allies) SupaFly714: any woood
(11:34 / Allies) YouGonnaDie: no
(11:36 / Allies) YouGonnaDie: kill yourself
(11:45 / Allies) YouGonnaDie: wyrmbot
(11:45 / All) AGroanOfTedium: this is what you get for fucking with me you nigger POS
(11:53 / All) NBA-IS-A-JOKE: who?
(14:18 / All) AGroanOfTedium: I'm gonna pick on you all game baby
(14:28 / All) 13itchImTheSh-t: can u be anymore of a fucken noob?
(14:29 / All) YouGonnaDie: I will on red, too
(14:42 / All) YouGonnaDie: Red sucks ass, typical wyrmbot who doesn't know how to make anything else
(14:50 / All) YouGonnaDie: Straight tech t3 fuckwit who can't do anything that isn't wyrms
(15:19 / Allies) AGroanOfTedium: wood
(16:30 / Allies) YouGonnaDie: tp morons
(17:01 / Allies) YouGonnaDie: wow
(17:55 / Allies) YouGonnaDie: thanks
(18:05 / Allies) AGroanOfTedium: didn't notice because of music
(18:18 / Allies) YouGonnaDie: forgot to turn mine on
(18:24 / Allies) YANIMAN: no shopo'
(18:35 / Allies) YouGonnaDie: yeah it died idiot
(21:07 / Allies) AGroanOfTedium: 1600 wood lalw
(21:19 / Allies) SupaFly714: u have 7k gold oj wtf
(21:27 / Allies) AGroanOfTedium: I need wood
(21:35 / Allies) SupaFly714: give me 3k gold
(21:42 / Allies) AGroanOfTedium: give me wood for dhawks
(21:45 / Allies) AGroanOfTedium: gyros
(22:00 / Allies) SupaFly714: gold me
(22:11 / Allies) AGroanOfTedium: wood fast yellow
(22:21 / Allies) SupaFly714: gold me oj
(23:44 / All) NBA-IS-A-JOKE: green god dman noob
(23:44 / All) NBA-IS-A-JOKE: no tp
(24:09 / Allies) SupaFly714: gold me oj
(24:13 / Allies) SupaFly714: wtf r u a jew or something
(24:24 / Allies) AGroanOfTedium: wood me
(24:30 / Allies) SupaFly714: i have no wood
(24:31 / Allies) SupaFly714: wtf
(24:46 / All) 13itchImTheSh-t: gg fuck pink for killn me
(24:48 / All) YouGonnaDie: gg
(24:50 / All) YouGonnaDie: leave
(24:53 / All) YouGonnaDie: I raped all your acos
(24:54 / All) YouGonnaDie: you sucked cock
(24:56 / All) AGroanOfTedium: fail
(25:01 / All) 13itchImTheSh-t: look at fuckin pink u fucking idiot
(25:09 / All) YouGonnaDie: I am, I raped you anyway though
(25:18 / All) 13itchImTheSh-t: u raped me bc u went ivisible
(25:21 / All) NBA-IS-A-JOKE: ur not gonna lave
(25:22 / All) NBA-IS-A-JOKE: red
(25:25 / All) NBA-IS-A-JOKE: u and i both know that
(25:26 / All) 13itchImTheSh-t: oh yeah ur major fuckin pro
(25:26 / All) YouGonnaDie: Yeah, and because you didn't get dust
(25:47 / Allies) SupaFly714: gold me oj u jew
(26:01 / All) CrashandSpyro: lol a tker how fun
(26:17 / All) NBA-IS-A-JOKE: oh yellow still here
(26:21 / All) AGroanOfTedium: blue's name is Crash Bandicoot and Spyro the dragon
(26:35 / All) YouGonnaDie: Bye bye yellow.
(26:43 / All) NBA-IS-A-JOKE: let me get him
(26:57 / All) YouGonnaDie: Mass exodus of peons north
(27:01 / All) YouGonnaDie: to the left of turncoat's base
(27:03 / All) YouGonnaDie: going to his old base
(27:31 / All) YouGonnaDie: right to his base
(27:33 / All) YouGonnaDie: a little down near the expo
(27:35 / All) YouGonnaDie: going further east
(27:39 / All) YouGonnaDie: free peons he is trying to run
(27:41 / All) YouGonnaDie: some going north too
(27:51 / All) YouGonnaDie: going to turncoat's base lol
(28:55 / All) NBA-IS-A-JOKE: we had very poor communication and still won
(29:03 / All) YouGonnaDie: ez
(29:23 / All) NBA-IS-A-JOKE: jeopardy question
(29:28 / All) NBA-IS-A-JOKE: category: fabric
(29:38 / All) NBA-IS-A-JOKE: what is the only world fair city that is a name of a fabric
(29:58 / All) AGroanOfTedium: Cotton Mississippii
(30:05 / All) NBA-IS-A-JOKE: i thought cotton too
(30:08 / All) NBA-IS-A-JOKE: it is nylon, new york
(30:33 / All) NBA-IS-A-JOKE: oops sorry
(30:36 / All) NBA-IS-A-JOKE: turncoat
(30:46 / All) NBA-IS-A-JOKE: i was watching purp and greens batle
(31:01 / All) NBA-IS-A-JOKE: everytime i get market square or gold rush, my fav maps, i always get on the outside
(31:02 / All) NBA-IS-A-JOKE: its sog ay
(31:15 / All) YouGonnaDie: I love Gold Rush
(31:20 / All) YouGonnaDie: Almost as good as Market Square
(31:25 / All) AGroanOfTedium: I hate this one
(31:26 / All) YouGonnaDie: I like that there's more building room
(31:26 / All) SupaFly714: which map is this
(31:30 / All) AGroanOfTedium: too many map
(31:32 / All) AGroanOfTedium: expo*
(31:39 / All) NBA-IS-A-JOKE: this map was intimidating
(31:41 / All) SupaFly714: oh lots of gold here
(31:41 / All) NBA-IS-A-JOKE: first time i played it
(31:43 / All) NBA-IS-A-JOKE: so many mines
(31:51 / All) YouGonnaDie: same
(31:54 / All) SupaFly714: too bad u lost so get out
(31:56 / All) AGroanOfTedium: it's not intimidating
(31:58 / All) NBA-IS-A-JOKE: who wants a lvl 6 firelord?
(31:59 / All) AGroanOfTedium: just too many expos
(32:06 / All) YouGonnaDie: yellow still doesn't get it lol
(32:10 / All) NBA-IS-A-JOKE: i raped ur tower rush yelow
(32:14 / All) NBA-IS-A-JOKE: and then ur heros
(33:06 / All) NBA-IS-A-JOKE: forgot i had mass effect 2 on xbox
(33:09 / All) NBA-IS-A-JOKE: need to turn it off
(33:14 / All) NBA-IS-A-JOKE: i made tali exiled
(33:27 / All) NBA-IS-A-JOKE: playing on casual makes me feel like a pro
(33:31 / All) NBA-IS-A-JOKE: i doubt rod plays on insanity
(33:33 / All) NBA-IS-A-JOKE: its too hard
(33:34 / All) YouGonnaDie: I do
(33:37 / All) YouGonnaDie: It isn't hard at all
(33:42 / All) YouGonnaDie: Games are easy as hell these days
(33:50 / Allies) AGroanOfTedium: let's kill green
(38:00 / All) NBA-IS-A-JOKE: leave im gonn rape u guys 1v4
(38:08 / All) YouGonnaDie: Yellow doesn't want to leave
(38:09 / All) AGroanOfTedium: don't
(38:10 / All) AGroanOfTedium: yellow is here
(38:27 / All) NBA-IS-A-JOKE: i have 30k gold
(38:41 / All) AGroanOfTedium: just 10k here
(38:43 / All) YouGonnaDie: 1k
(38:47 / All) NBA-IS-A-JOKE: 10k as well nvm
(39:18 / All) AGroanOfTedium: leave faggot yellow
(39:33 / All) NBA-IS-A-JOKE: i cant believe those godd amn nigger oklahama city thunder
(39:43 / All) NBA-IS-A-JOKE: fucking should heave let the spurs won
(40:29 / All) NBA-IS-A-JOKE: leave yellow u nigger
(40:30 / All) NBA-IS-A-JOKE: u suck
(40:32 / All) NBA-IS-A-JOKE: at wc3
(40:39 / All) YouGonnaDie: He was pretty bad.
(40:42 / All) NBA-IS-A-JOKE: u are jealous i stopped ur tower rush
(40:46 / All) YouGonnaDie: "REPAIR YOUR SHOP PLZ REPAIR REPAIR REPAIR OMG"
(40:51 / All) YouGonnaDie: Repairing is usually not worth it in WC3
(41:11 / All) NBA-IS-A-JOKE: permission to kill ur towers, my liege, orange?
(41:20 / All) AGroanOfTedium: yeah
(41:24 / All) AGroanOfTedium: kill whatever
(41:26 / All) AGroanOfTedium: I'm alt tabbing
(41:27 / All) NBA-IS-A-JOKE: thank you, my liege
(41:31 / All) AGroanOfTedium: kill what I haven't shift qued
(42:51 / All) YouGonnaDie: Got all my shit queued I think, alt tabbing
(45:46 / All) NBA-IS-A-JOKE: where last building
(46:03 / All) YouGonnaDie: just tabbed back in
(46:05 / All) YouGonnaDie: an expo
(46:07 / All) YouGonnaDie: it's queued already
(46:22 / All) NBA-IS-A-JOKE: yellow is such a nigger
(46:28 / All) YouGonnaDie: sick peon split